 Dungeon Crawl Stone Soup version 0.28-a0-691-gad6df49e81 (webtiles) character file.

Game seed: 17373196930692967479

12 snetch the Magician (level 2, 0/21 HPs)
             Began as a Djinni Fire Elementalist on Oct 21, 2021.
             Slain by a jackal (1 damage)
             ... on level 2 of the Dungeon.
             The game lasted 00:01:52 (537 turns).

snetch the Magician (Djinni Fire Elementalist)       Turns: 537, Time: 00:01:53

Health: 0/21       AC:  2    Str: 13    XL:     2   Next: 45%
Gold:   38         EV: 12    Int: 16    God:
                   SH:  0    Dex: 13

rFire   + + .      SeeInvis .   c - +0 rapier
rCold   x . .      Faith    .   (no shield)
rNeg    . . .      Spirit   .   a - +0 robe
rPois   ∞          Reflect  .   (no helmet)
rElec   .          Harm     .   (no cloak)
rCorr   .          Rampage  .   (no gloves)
Will    .....                   (boots unavailable)
Stlth   ++........              (no amulet)
HPRegen 0.07/turn               e - +6 ring of strength
MPRegen 0.00/turn               (no ring)

@: flying
A: sickness immunity, fire resistance 2, cold vulnerability 1, float, innate
caster, hp casting, extra vitality 1
a: no special abilities


You were on level 2 of the Dungeon.
You visited 1 branch of the dungeon, and saw 2 of its levels.

You collected 38 gold pieces.

Inventory:

Hand Weapons
 c - a +0 rapier (weapon)
Armour
 a - a +0 robe (worn)
Jewellery
 e - a +6 ring of strength (left hand)
Potions
 b - a potion of ambrosia {unknown}
 d - a potion of haste {unknown}


   Skills:
 + Level 2.3 Dodging
 + Level 1.6 Stealth
 + Level 2.9 Spellcasting


You couldn't memorise any spells.
You knew the following spells:

 Your Spells              Type           Power      Damage    Failure   Level
a - Foxfire               Conj/Fire      44%        2x1d6     6%          1
b - Scorch                Fire           22%        2d6       9%          2
c - Conjure Flame         Conj/Fire      11%        6-21      17%         3
d - Inner Flame           Hex/Fire       11%        N/A       17%         3
e - Flame Wave            Conj/Fire      11%        3d4       50%         4
Your spell library was empty.

Dungeon Overview and Level Annotations

Branches:
Dungeon (2/15)

Altars:

Shops:
D:1 =


Innate Abilities, Weirdness & Mutations

You are immune to sickness and miasma.
You are immune to poison.
Your flesh is very heat resistant. (rF++)
You are vulnerable to cold. (rC-)
You float through the air rather than walking.
You learn spells naturally, not from books.
Your magical power is your life essence.
You have superior vitality. (+4 HP)


Message History

You kill the kobold!
The bat closely misses you. The jackal barely misses you.
The bat closely misses you. The jackal closely misses you.
The jackal closely misses you. The bat barely misses you.
The bat hits you but does no damage. The bat barely misses you.
The bat hits you but does no damage. The bat barely misses you.
The bat barely misses you. The bat hits you but does no damage.
The bat closely misses you. x2
The bat hits you but does no damage. The bat completely misses you. x2
The bat hits you.
* * * LOW HITPOINT WARNING * * *
The bat closely misses you. The bat misses you.
The jackal stops to sniff the ground.
The bat closely misses you. The bat hits you but does no damage.
The bat barely misses you. The bat hits you but does no damage.
The bat misses you. The bat barely misses you. The bat hits you.
* * * LOW HITPOINT WARNING * * *
The bat hits you.
* * * LOW HITPOINT WARNING * * *
The bat misses you. The bat misses you. The bat barely misses you.
The bat hits you but does no damage.
There is a stone staircase leading down here.
The jackal barely misses you.
You fly downwards.
There is a stone staircase leading up here.
The jackal closely misses you. The jackal misses you.
An endoplasm comes into view.
The jackal bites you.
* * * LOW HITPOINT WARNING * * *
The jackal barely misses you.
Found a robe.
The jackal bites you.
You die...

... . .B.. ....
.....#############.....
....J..<......h@.......
.....##..####..........
... ##......####....[ #
#........## ....
#..######..# ### ...
#..# . #.## ..J ##.


You could see a jackal.

Vanquished Creatures
  An endoplasm (D:1)
  A giant cockroach (D:1)
  2 goblins (D:1)
  A hobgoblin (D:1)
  3 jackals (D:1)
  A ball python (D:1)
  A kobold (D:1)
10 creatures vanquished.

Vanquished Creatures (others)
  26 foxfires (D:1)
26 creatures vanquished.

Grand Total: 36 creatures vanquished

Notes
Turn   | Place    | Note
-------+----------+-------------------------------------------
     0 | D:1      | snetch the Djinni Fire Elementalist began the quest for the
                  | Orb.
     0 | D:1      | Reached XP level 1. HP: 15/15 MP: 0/0
   287 | D:1      | Found Qigi's Jewellery Boutique.
   314 | D:1      | Reached XP level 2. HP: 19/21 MP: 0/0
   523 | D:1      | HP: 1/21 [bat (1)]
   533 | D:2      | HP: 1/21 [jackal (1)]
   537 | D:2      | Slain by a jackal

Illustrated notes

Levels and vault maps discovered:
D:1:      dpeg_arrival_arbitrary_b, layout_loops_ring, serial_shops,
          shop_fountains, nicolae_lakefront_shop, shop,
          nicolae_shop_behind_doors, amcnicky_mini_corridor_feature,
          minmay_tall_x
D:2:      minmay_inner_zag, layout_rooms,
          shapermc_ecumenical_altar_mp_ritualfount, minmay_pentomino_r4,
          uniq_natasha

Action                   || total
-------------------------++-------
 Cast: Foxfire           ||    17
Armor: Robe              ||    11
Dodge: Dodged            ||    40

Table legend: (Time is in decaauts)
 A = Elapsed time spent in this place.
 B = Non-inter-level travel time spent in this place.
 C = Inter-level travel time spent in this place.
 D = Time resting spent in this place.
 E = Time spent auto-exploring this place.
 F = Levels seen in this place.
 G = Mean time per level.
                   A        B        C        D        E       F      G
               +--------+--------+--------+--------+--------+-----+--------+
         Total |    535 |    535 |      0 |      0 |    425 |   2 |  267.5 |
       Dungeon |    535 |    535 |      0 |      0 |    425 |   2 |  267.5 |
               +--------+--------+--------+--------+--------+-----+--------+

Top non-repeatable levels by time:
     D:1: 528 daAuts
     D:2: 7 daAuts
